 Dungeon Crawl Stone Soup version 0.15-a0-2246-gfd41422 (webtiles) character file.

32 Charly the Insei (level 3, 0/26 HPs)
             Began as a Demonspawn Transmuter on July 26, 2014.
             Succumbed to an adder's poison
             ... on Level 4 of the Dungeon.
             The game lasted 00:19:05 (1307 turns).

Charly the Insei (Demonspawn Transmuter)            Turns: 1307, Time: 00:19:06

HP   0/26        AC  2     Str 10      XL: 3   Next:  8%
MP   6/6         EV 12     Int 20      God:
Gold 92          SH  0     Dex 13      Spells:  3 memorised,  0 levels left

rFire  + . .     SeeInvis .       - Unarmed
rCold  + . .     Clarity  .     c - +0 robe
rNeg   + . .     rCorr    .     (no shield)
rPois  +         rRot     .     (no helmet)
rElec  +         Spirit   .     (no cloak)
SustAb .         Warding  +     (no gloves)
rMut   .         Stasis   .     (no boots)
Gourm  .                        l - amulet of warding
MR     .....                    (no ring)
                                (no ring)

@: brilliant, lethally poisoned, resistant, very slightly contaminated, not
resistant to hostile enchantments, very unstealthy
A: spiny 1
a: no special abilities


You were on level 4 of the Dungeon.
You were not hungry.

You visited 1 branch of the dungeon, and saw 4 of its levels.

You collected 92 gold pieces.

Inventory:

Hand weapons
 m - a +0 club
Missiles
 b - 26 arrows
 p - 5 tomahawks (quivered)
Armour
 c - a +0 robe (worn)
Comestibles
 o - a meat ration
Scrolls
 e - 2 scrolls of teleportation {unknown}
 f - a scroll of immolation {unknown}
 g - a scroll of identify {unknown}
 k - 2 scrolls of remove curse {unknown}
Jewellery
 l - an amulet of warding (around neck)
Books
 d - a book of Changes

   Spells                             Type                      Level
   *Beastly Appendage                 Transmutation                1
   *Sticks to Snakes                  Transmutation                2
   *Spider Form                       Transmutation/Poison         3
   Ice Form                           Ice/Transmutation            4
   Blade Hands                        Transmutation                5
 i - a book of Spatial Translocations

   Spells                             Type                      Level
   Apportation                        Translocation                1
   Blink                              Translocation                2
   Shroud of Golubria                 Charms/Translocation         2
   Portal Projectile                  Translocation                3
   Teleport Other                     Translocation                3
   Passage of Golubria                Translocation                4


   Skills:
 - Level 1.0 Fighting
 - Level 1.7 Dodging
 + Level 3.5 Unarmed Combat
 - Level 2.0 Spellcasting
 + Level 2.2 Transmutations


You couldn't memorise any spells.
You knew the following spells:

 Your Spells              Type           Power        Failure   Level  Hunger
b - Beastly Appendage     Trmt           ###...       1%          1    #......
s - Sticks to Snakes      Trmt           ###.......   1%          2    ##.....
S - Spider Form           Trmt/Pois      ###.......   3%          3    ###....


Dungeon Overview and Level Annotations

Branches:
Dungeon (4/15)
 Temple: D:4-7

Altars:
Cheibriados

Annotations:
D:4 Edmund


Innate Abilities, Weirdness & Mutations

You are partially covered in sharp spines.


Message History

There is an open door here.
You barely miss the adder.
You feel sick. The adder bites you.
You closely miss the adder. The adder bites you. The adder closely misses you.
You barely miss the adder. The adder bites you.
Drink which item? (? for menu, Esc to quit)
You feel clever all of a sudden.
It was a potion of brilliance.
You feel sick. The adder bites you.
* * * LOW HITPOINT WARNING * * *
Drink which item? (? for menu, Esc to quit)
You feel protected.
It was a potion of resistance.
The adder barely misses you. The adder bites you.
* * * LOW HITPOINT WARNING * * *
Drink which item? (? for menu, Esc to quit)
You feel refreshed.
It was a potion of restore abilities.
The adder misses you.
Drink which item? (? for menu, Esc to quit)
Magic courses through your body.
It was a potion of magic.
The adder closely misses you.
You hit the adder but do no damage.
You die...

.# #....# #.........####
.# #....# #.........#..#
.# #....# #.........#..#
.####....####.........'.<#
##.##'###..##'###..(.#..#
#..........'....#....#..#
#..........#..Ol+....#..#
#..........####S#....#..#
#......l...##..@#....#..#
###.._.##...##...+....#..#
..#....##.######.#....#..#
......+.#.# #.#....#..#
#.....#.#.# ###....#..#
###...###.# #....#..#
#...# #.# #....#..# ......
#..O.#..# . ......#
+....#..#


You could see an ogre, an adder and a giant newt.

Vanquished Creatures
  A worm (D:3)
  An ooze (D:3)
  An orc (D:3)
  2 bats (D:1)
  A giant cockroach (D:4)
  3 goblins
  A hobgoblin (D:4)
  5 jackals
  A kobold (D:1)
  A quokka (D:3)
  A giant newt (D:1)
  A kobold skeleton (D:4)
19 creatures vanquished.

Vanquished Creatures (collateral kills)
  An orc (D:3)
  3 jackals (D:3)
4 creatures vanquished.

Grand Total: 23 creatures vanquished

Notes
Turn   | Place    | Note
--------------------------------------------------------------
     0 | D:1      | Charly, the Demonspawn Transmuter, began the quest for the Orb.
     0 | D:1      | Reached XP level 1. HP: 15/15 MP: 3/3
   285 | D:2      | Reached skill level 3 in Unarmed Combat
   301 | D:2      | Gained mutation: You are partially covered in sharp spines. [demonic ancestry]
   301 | D:2      | Reached XP level 2. HP: 9/21 MP: 4/4
   305 | D:2      | Learned a level 2 spell: Sticks to Snakes
   634 | D:4      | Noticed Edmund
   652 | D:4      | Noticed a two-headed ogre
  1014 | D:3      | Reached XP level 3. HP: 17/26 MP: 6/6
  1019 | D:3      | Learned a level 3 spell: Spider Form
  1224 | D:4      | Found a snail-covered altar of Cheibriados.
  1265 | D:4      | Noticed an ogre
  1304 | D:4      | HP: 1/26 [adder (3)]
  1307 | D:4      | Succumbed to an adder's poison

Action                   || total
-------------------------++-------
Melee: Unarmed           ||    69
Throw: Tomahawk          ||     9
 Cast: Beastly Appendage ||    12
       Sticks to Snakes  ||    14
  Use: Potion            ||     4
 Stab: Sleeping          ||     1
  Eat: Bread ration      ||     1
